Map: Proxima Station LE

Players

Snute - Winner!

  • Race: Zerg Zerg
  • Spawn Location: 7:00

Elazer

  • Race: Zerg Zerg
  • Spawn Location: 1:00

Event: WCS Valencia 2017

VOD

Have the link to the VOD?

Description

Time

  • Played on: July 15, 2017, 1:49 p.m.
  • Length: 8:11

All games in this series

Show
View Real Time Build Order
Export as new Build Order

Snute Zerg - Winner!

Build Orders: Hatch First 

Get SALT Encoding   

  12  0:00  Drone  
  13  0:12  Overlord  
  13  0:16  Drone  
  14  0:30  Drone x2  
  14  0:34  Drone  
  17  0:53  Hatchery  
  17  0:55  Drone  
  17  1:08  Spawning Pool  
  17  1:11  Drone  
  17  1:14  Drone  
  18  1:34  Hatchery  
  18  1:37  Drone  
  18  1:40  Drone  
  18  1:44  Drone  
  20  1:55  Queen  
  22  2:04  Queen  
  24  2:08  Overlord  
  24  2:12  Drone  
  24  2:15  Drone  
  26  2:17  Drone  
  26  2:20  Drone  
  28  2:27  Drone x2  
  30  2:33  Queen  
  30  2:35  Drone  
  33  2:37  Drone  
  33  2:43  Overlord  
  34  2:46  Drone  
  34  2:49  Drone  
  36  2:54  Drone  
  36  2:57  Zergling x2  
  38  2:59  Overlord  
  38  3:03  Drone x3  
  41  3:06  Extractor x2  
  41  3:08  Roach Warren  
  41  3:10  Drone  
  41  3:12  Drone  
  40  3:13  Drone  
  40  3:15  Drone  
  40  3:18  Drone  
  43  3:20  Drone  
  43  3:21  Drone  
  43  3:23  Drone  
  43  3:26  Drone  
  47  3:29  Drone x2  
  47  3:32  Evolution Chamber  
  48  3:36  Drone  
  48  3:39  Zergling x2  
  50  3:43  Drone x4  
  50  3:44  Drone  
  50  3:47  Overlord  
  55  3:49  Drone x2  
  55  3:52  Drone  
  55  3:55  Overlord  
  58  3:59  Lair  
  57  4:08  Drone x5  
  57  4:09  Zerg Missile Weapons Level 1  
  62  4:16  Drone x3  
  62  4:17  Overlord  
  65  4:18  Drone x2  
  65  4:20  Drone x2  
  65  4:21  Drone  
  65  4:23  Drone  
  71  4:24  Drone  
  71  4:25  Extractor x2  
  71  4:26  Extractor, Drone  
  71  4:27  Drone  
  71  4:29  Drone  
  72  4:33  Drone  
  73  4:41  Hatchery  
  73  4:45  Roach x3  
  78  4:52  Overlord x3  
  78  4:53  Roach x2  
  78  4:56  Overlord  
  78  4:58  Glial Reconstitution  
  82  5:03  Overlord  
  82  5:06  Overlord  
  82  5:11  Roach x6  
  94  5:15  Roach x3  
  100  5:22  Roach  
  100  5:23  Roach x4  
  100  5:25  Roach  
  112  5:28  Overlord  
  112  5:29  Overlord  
  112  5:32  Roach x2  
  112  5:35  Roach  
  118  5:41  Roach x2  
  121  5:44  Ravager  
  121  5:45  Ravager  
  121  5:46  Roach  
  121  5:49  Roach  
  127  5:51  Roach x4  
  127  5:54  Roach Warren  
  127  5:56  Roach x3  
  140  5:59  Roach  
  140  6:00  Roach  
  139  6:12  Roach x6  
  139  6:15  Roach  
  147  6:23  Roach x3  
  147  6:25  Roach  
  150  6:27  Overlord x2  
  150  6:31  Extractor  
  146  6:38  Roach x8  
  145  6:51  Roach x6  
  157  6:54  Roach  
  157  6:55  Queen  
  157  7:08  Roach  
  157  7:09  Roach x4  
  157  7:12  Overlord x3  
  167  7:22  Overlord  
  165  7:35  Ravager  
  165  7:36  Ravager  
  165  7:37  Roach x12  
  179  7:49  Roach  
  179  7:50  Roach x6  
  185  7:52  Evolution Chamber  
Show
View Real Time Build Order
Export as new Build Order

Elazer Zerg 

Build Orders: Hatch First 

Get SALT Encoding   

  12  0:00  Drone  
  13  0:12  Overlord  
  13  0:17  Drone  
  14  0:30  Drone x2  
  14  0:34  Drone  
  17  0:52  Hatchery  
  17  0:54  Drone  
  17  1:08  Spawning Pool  
  17  1:11  Drone  
  17  1:14  Drone  
  17  1:18  Drone  
  19  1:37  Hatchery  
  19  1:39  Drone  
  19  1:43  Drone  
  20  1:54  Queen  
  22  2:03  Queen  
  22  2:04  Drone  
  22  2:08  Drone  
  26  2:10  Drone  
  26  2:13  Drone  
  28  2:19  Overlord  
  28  2:37  Queen, Drone x3  
  28  2:40  Drone  
  34  2:45  Extractor, Overlord  
  34  2:48  Drone x2  
  35  2:53  Drone  
  35  2:58  Drone  
  37  2:59  Drone  
  37  3:01  Drone  
  37  3:04  Drone x2  
  41  3:07  Drone  
  41  3:09  Drone  
  41  3:10  Drone  
  41  3:12  Zergling x2, Overlord  
  45  3:14  Drone  
  45  3:17  Extractor  
  45  3:18  Drone  
  46  3:22  Drone x2  
  48  3:30  Drone  
  48  3:32  Drone  
  50  3:34  Extractor  
  50  3:35  Drone  
  50  3:37  Drone x3  
  50  3:39  Drone  
  54  3:42  Drone  
  54  3:45  Lair, Overlord  
  54  3:46  Overlord  
  55  3:56  Drone x3  
  55  4:01  Overlord  
  58  4:05  Roach Warren  
  58  4:08  Overlord  
  57  4:12  Evolution Chamber  
  57  4:16  Overlord  
  57  4:17  Overlord x2  
  55  4:21  Extractor  
  54  4:31  Extractor  
  53  4:45  Roach x16  
  85  4:50  Glial Reconstitution  
  85  4:56  Roach  
  85  4:59  Overlord  
  87  5:01  Roach x3  
  87  5:04  Roach  
  87  5:05  Roach  
  97  5:07  Roach  
  97  5:08  Roach  
  97  5:11  Roach  
  103  5:15  Roach x2  
  103  5:18  Roach  
  109  5:24  Roach x3  
  109  5:27  Overlord  
  115  5:31  Ravager, Roach  
  118  5:38  Roach x2  
  118  5:42  Overlord  
  122  5:49  Ravager x2  
  125  5:50  Ravager, Drone x5  
  130  5:57  Zerg Missile Weapons Level 1  
  130  5:58  Overlord  
  130  6:00  Drone x2  
  130  6:01  Drone  
  130  6:02  Drone  
  134  6:04  Drone  
  128  6:20  Drone x3  
  127  6:29  Roach x9  
  125  6:40  Roach x5  
  125  6:44  Roach x2  
  135  6:49  Roach  
  135  6:53  Roach x2  
  141  7:03  Roach x2  
  141  7:07  Roach  
  137  7:13  Roach x5  
  145  7:22  Ravager  
  146  7:24  Overlord x2  
  146  7:32  Roach  
  146  7:33  Roach  
  146  7:40  Hatchery  
  146  7:42  Roach x4  
  146  7:43  Roach x9  
  153  7:46  Roach x3  
  153  7:48  Roach  
  146  7:51  Roach  
Tags
 
Add a new tag
Caveats
  • Supply blocks, unpowered buildings, or Contaminate may cause inaccurate times.
  • Supply counts are checked every 10 seconds.